 Dungeon Crawl Stone Soup version 0.29.0-13-gc9e81de378 (webtiles) character file.

Game seed: 11054216126175750966

41 RascalDebosk the Cudgeller (level 3, -1/35 HPs)
             Began as a Troll Gladiator on Sept 8, 2022.
             Slain by an orc
             ... wielding a +0 dagger
              (3 damage)
             ... on level 2 of the Dungeon.
             The game lasted 00:08:41 (723 turns).

RascalDebosk the Cudgeller (Troll Gladiator)         Turns: 723, Time: 00:08:44

Health: -1/35      AC:  4    Str: 22    XL:     3   Next: 32%
Magic:  2/2        EV: 10    Int:  6    God:
Gold:   61         SH:  0    Dex: 11    Spells: 2/2 levels left

rFire   . . .      SeeInvis .   a - +0 flail
rCold   . . .      Faith    .   (no shield)
rNeg    . . .      Spirit   .   b - +0 robe
rPois   .          Reflect  .   c - +0 hat
rElec   .          Harm     .   (no cloak)
rCorr   .          Rampage  .   (gloves unavailable)
Will    .....                   (boots unavailable)
Stlth   +.........              (no amulet)
HPRegen 0.91/turn               (no ring)
MPRegen 0.08/turn               (no ring)

@: lethally poisoned (-1 -> -2)
A: large, unfitting armour, claws 3, regeneration 1, shaggy fur 1, tough skin 1
a: no special abilities


You were on level 2 of the Dungeon.
You visited 1 branch of the dungeon, and saw 2 of its levels.

You collected 61 gold pieces.

Inventory:

Hand Weapons
 a - a +0 flail (weapon)
Missiles
 d - 3 throwing nets
 e - a large rock
 l - 5 poisoned darts (quivered)
Armour
 b - a +0 robe (worn)
 c - a +0 hat (worn)
Jewellery
 h - a +6 ring of intelligence
Scrolls
 f - 3 scrolls of identify {unknown}
 g - 2 scrolls of noise {unknown}
 j - 3 scrolls of teleportation {unknown}
 m - a scroll of blinking {unknown}
 n - a scroll of poison {unknown}
 p - a scroll of enchant weapon {unknown}
Potions
 i - 2 potions of magic {unknown}
 k - a potion of heal wounds {unknown}
 o - a potion of cancellation {unknown}


   Skills:
 + Level 2.0 Fighting
 + Level 3.1 Maces & Flails
 + Level 2.3 Throwing
 + Level 2.7 Dodging


You had 2 spell levels left.
You didn't know any spells.
Your spell library was empty.

Dungeon Overview and Level Annotations

Branches:
Dungeon (2/15)

Altars:
Wu Jian


Innate Abilities, Weirdness & Mutations

You are too large for most types of armour.
You have claws for hands.
Your natural rate of healing is unusually fast.
You are covered in fur. (AC +1)
You have tough skin. (AC +1)


Message History

Found a stone staircase leading up.
You now have 61 gold pieces (gained 10).
You open the door.
There is an open door here.
An endoplasm comes into view.
The endoplasm quivers.
The endoplasm closely misses you.
You sock the endoplasm!
You kill the endoplasm!
A rat comes into view.
The rat bites you.
You closely miss the rat. The rat bites you but does no damage.
The goblin shouts!
You sock the rat!
You kill the rat!
An orc priest comes into view. It is wielding a +0 whip.
The goblin throws a poisoned dart.
The poisoned dart hits you!
You are poisoned.
You feel very sick.
The orc priest shouts!
You hear a shout!
An orc comes into view. It is wielding a +0 dagger.
You see here a rat corpse.
You feel sick.
You feel sick.
The orc priest mumbles some strange prayers to Beogh against you.
Pain shoots through your body!
You feel sick. The goblin hits you with a +0 dagger.
You sock the orc priest!
The orc priest is heavily wounded.
You feel sick. The orc priest barely misses you. The goblin barely misses you.
The orc barely misses you.
An orc priest comes into view. It is wielding a +0 whip.
You barely miss the orc priest.
The orc priest is heavily wounded.
You feel sick.
The orc priest invokes the aid of Beogh against you.
Beogh smites you!
* * * LOW HITPOINT WARNING * * *
The goblin hits you but does no damage. The orc hits you with a +0 dagger.
You die...

......# ...........
........###
##########........#
#.................#
#...........o.....#
### ###...........
..# ..'......goo#
#.# #####.......@.#
#.# #...#.........#
#.# #..##....†....#
#.###...#.#########
........#.#
#.####.##.# ..#
#....# ### ######


You could see 2 orc priests, an orc and a goblin.

Vanquished Creatures
  An adder (D:2)
  A worm (D:2)
  2 dart slugs (D:1)
  3 ball pythons
  2 bats
  2 endoplasms
  2 goblins (D:1)
  3 hobgoblins
  A quokka (D:2)
  A frilled lizard (D:1)
  9 rats
27 creatures vanquished.

Notes
Turn   | Place    | Note
-------+----------+-------------------------------------------
     0 | D:1      | RascalDebosk the Troll Gladiator began the quest for the
                  | Orb.
     0 | D:1      | Reached XP level 1. HP: 19/19 MP: 0/0
   134 | D:1      | Reached XP level 2. HP: 27/28 MP: 1/1
   147 | D:1      | Found a faded altar of an unknown god.
   253 | D:1      | Reached skill level 3 in Maces & Flails
   520 | D:2      | Reached XP level 3. HP: 10/35 MP: 2/2
   658 | D:2      | Found an ornate altar of the Wu Jian Council.
   723 | D:2      | Slain by an orc

Illustrated notes

Levels and vault maps discovered:
D:1:      psy_arrival_spokes, layout_basic,
          hellmonk_ecumenical_altar_leap_of_faith
D:2:      layout_basic, basic_altar

Skill      XL: |  1  2 |
---------------+-------+-----
Throwing       | 2 |  2.3
Maces & Flails | 3 |  3.1
Fighting       | 2 |  2.0
Dodging        | |  2.7

Action                   || total
-------------------------++-------
Melee: Flail             ||    73
       Punch             ||     1
Throw: Dart              ||     2
 Stab: Sleeping          ||     2
Armor: Robe              ||    29
Dodge: Dodged            ||    54
